[Event "10th Iberoamericano-ch 2024"]
[Site "Linares"]
[Date "2024.09.25"]
[Round "2.1"]
[White "Garcia Fernandez, Victor"]
[Black "Vallejo Pons, Francisco"]
[Result "0-1"]
[ECO "B06"]
[WhiteElo "2353"]
[BlackElo "2657"]
[Annotator "TA"]
[PlyCount "69"]
[EventDate "2024.09.25"]
[EventType "swiss"]
[EventCountry "ESP"]
[SourceTitle "playchess.com"]
[Source "ChessBase"]
[SourceQuality "1"]
[TimeControl "5400+30"]

1. d4 g6 2. e4 Bg7 3. Nc3 d6 4. Bc4 a6 5. Bb3 Nc6 6. Nf3 Na5 7. O-O b6 8. Qe2 {[%emt 0:20:04] White is slightly better.} Nxb3 9. axb3 Nh6 10. Bf4 f6 (10... Bb7 $14) 11. d5 $16 Nf7 12. Nd4 O-O {[%emt 0:00:12] [#]} 13. Ne6 (13. Be3 $1 $16) 13... Bxe6 $11 14. dxe6 Ng5 {[%emt 0:01:40] Black is weak on the light squares} 15. Rxa6 Rxa6 16. Qxa6 {[%emt 0:00:02] Black must now prevent Qc4.} Nxe6 17. Qc4 Qd7 18. Be3 f5 19. exf5 Rxf5 20. Rd1 b5 21. Qg4 c6 22. Ne2 Qe8 23. c3 h5 24. Qe4 Re5 25. Qf3 Ng5 26. Bxg5 Rxg5 27. Nd4 Rd5 28. Ne6 Rf5 29. Nxg7 Kxg7 $15 {[%emt 0:00:06][%mdl 4096] Endgame. KQR-KQR} 30. Qe3 Qf7 31. b4 Re5 32. Qd4 Qf6 33. Qd2 {[%emt 0:00:37] Prevents Re2.} Qe6 34. Qd4 {[%emt 0:00:42] [#] f4 is the strong threat.} Kh7 {[%emt 0:00:46] ( -> ...Re1+)} 35. Rf1 {Weighted Error Value: White=0.15 (very precise) /Black=0.08 (flawless) .  Mistake:       	White=2     	Black=1      Inaccurate:     	White=1     	Black=1      OK:         	White=9     	Black=13     Best:        	---       	Black=2} (35. Qd3 $11) 0-1

[Event "10th Iberoamericano-ch 2024"]
[Site "Linares"]
[Date "2024.09.25"]
[Round "2.2"]
[White "Pichot, Alan"]
[Black "Sos Andreu, Eric"]
[Result "1/2-1/2"]
[ECO "B12"]
[WhiteElo "2628"]
[BlackElo "2359"]
[Annotator "RC"]
[PlyCount "205"]
[EventDate "2024.09.25"]
[EventType "swiss"]
[EventCountry "ESP"]
[SourceTitle "playchess.com"]
[Source "ChessBase"]
[SourceQuality "1"]
[TimeControl "5400+30"]

1. e4 c6 2. d4 d5 3. e5 Bf5 4. Be3 e6 5. Nd2 Ne7 6. Ngf3 Bg6 7. Nh4 c5 8. dxc5 Nec6 9. Nxg6 hxg6 10. c3 Nd7 11. b4 Ndxe5 12. Be2 a6 13. f4 Nd7 14. O-O Nf6 15. Bf3 Qc7 16. g3 Be7 17. Nb3 a5 18. a3 O-O 19. Qe2 Rfd8 20. Rfc1 Bf8 21. Bf2 Re8 22. Bg2 e5 23. fxe5 Rxe5 24. Qd1 Rae8 25. Nd2 Re2 26. Bf1 R2e6 27. Nf3 Ne4 28. Ra2 Rf6 29. Bg2 Rf5 30. Bd4 Be7 31. Re2 Bf6 32. Qd3 Nxd4 33. cxd4 axb4 34. axb4 Ra8 35. Bh3 Rh5 36. Bg4 Rh8 37. Qb3 Nxg3 38. hxg3 Qxg3+ 39. Rg2 Qf4 40. Re1 Ra1 41. Rxa1 Bxd4+ 42. Nxd4 Qxd4+ 43. Kf1 Rh1+ 44. Ke2 Qe4+ 45. Kf2 Rxa1 46. Be2 Qf4+ 47. Qf3 Qxb4 48. Qxd5 Qf4+ 49. Bf3 Qh4+ 50. Rg3 Rc1 51. Qe4 Qxe4 52. Bxe4 Rxc5 53. Rd3 Rc7 54. Rd8+ Kh7 55. Ke3 Kh6 56. Kf4 Kh7 57. Bd5 Rc1 58. Rd7 Rf1+ 59. Ke5 Kg8 60. Rxb7 g5 61. Rb8+ Kh7 62. Rf8 g6 63. Ra8 Kg7 64. Be4 g4 65. Kd4 Rf2 66. Ke3 Rf1 67. Bg2 Rf6 68. Ra4 Re6+ 69. Kf4 Re7 70. Kxg4 Rd7 71. Kf4 Re7 72. Bd5 Kh7 73. Be4 Kg7 74. Kf3 Kh7 75. Bd3 Kg7 76. Be2 Kh7 77. Kf2 Kg7 78. Ke1 Rd7 79. Ra3 Kh7 80. Bd3 Kg7 81. Kd2 Re7 82. Kc3 Rd7 83. Bc4 Kf6 84. Ra5 Kg7 85. Bd5 Re7 86. Kd4 Kf8 87. Kc5 Kg7 88. Kd6 Re2 89. Ra4 Rf2 90. Re4 Kf8 91. Re3 Rf5 92. Ra3 Rf2 93. Bf3 Rf1 94. Bd5 Rf5 95. Ra8+ Kg7 96. Re8 Rf6+ 97. Ke5 Rf5+ 98. Kd4 Rf2 99. Ke3 Rf5 100. Be4 Rf6 101. Rd8 Re6 102. Kf4 Re7 103. Bd5 1/2-1/2

[Event "10th Iberoamericano-ch 2024"]
[Site "Linares"]
[Date "2024.09.25"]
[Round "2.3"]
[White "Marin Ferragut, Pau"]
[Black "Avila Pavas, Santiago"]
[Result "1/2-1/2"]
[ECO "B72"]
[WhiteElo "2348"]
[BlackElo "2485"]
[Annotator "RC"]
[PlyCount "164"]
[EventDate "2024.09.25"]
[EventType "swiss"]
[EventCountry "ESP"]
[SourceTitle "playchess.com"]
[Source "ChessBase"]
[SourceQuality "1"]
[TimeControl "5400+30"]

1. e4 c5 2. Nf3 g6 3. d4 cxd4 4. Nxd4 Nf6 5. Nc3 d6 6. Be3 Nc6 7. f3 h5 8. Bc4 Bg7 9. Bb3 Na5 10. Qd2 Bd7 11. O-O-O Rb8 12. Kb1 b5 13. h4 Qc8 14. Bg5 Nc4 15. Bxc4 Qxc4 16. Nb3 Be6 17. Nd5 Bxd5 18. exd5 Rc8 19. Rhe1 Qc7 20. Qe2 O-O 21. c3 Qb6 22. g4 Rc4 23. Bxf6 Bxf6 24. gxh5 Rxh4 25. hxg6 fxg6 26. Rg1 Kh7 27. Nd4 b4 28. Ne6 Rc8 29. c4 b3 30. a3 Qa6 31. f4 Qxc4 32. Nf8+ Kg7 33. Qxc4 Rxc4 34. Nxg6 Kf7 35. Nxh4 Bxh4 36. Rd3 Rxf4 37. Rxb3 Rd4 38. Rb4 Rxb4 39. axb4 e6 40. Rh1 Bd8 41. Rh7+ Kf6 42. Rd7 Bb6 43. Rxd6 Ke5 44. Rxe6+ Kxd5 45. Rg6 Kc4 46. Rg4+ Kb3 47. Re4 Bc7 48. Kc1 Bb6 49. b5 Bc5 50. Rg4 Bb6 51. Kd2 Kxb2 52. Rb4+ Ka3 53. Rb1 Ka4 54. Kc3 Ka5 55. Kc4 Bf2 56. Rb2 Be3 57. Re2 Bg1 58. Re6 Bb6 59. Re1 Bf2 60. Ra1+ Kb6 61. Ra6+ Kb7 62. Rf6 Be3 63. Kd5 Bg1 64. Rf1 Be3 65. Rf6 Bg1 66. Rc6 Bb6 67. Rc2 Be3 68. Kc4 Bg1 69. Kb4 Be3 70. Rg2 Kb6 71. Re2 Bc5+ 72. Kc4 Bg1 73. Re6+ Kb7 74. Re7+ Kb6 75. Re2 Kb7 76. Kd5 Kb6 77. Kc4 Kb7 78. Kb4 Kb6 79. Re6+ Kb7 80. Ka5 Bb6+ 81. Ka4 Bg1 82. Ra6 Bf2 1/2-1/2

[Event "10th Iberoamericano-ch 2024"]
[Site "Linares"]
[Date "2024.09.25"]
[Round "2.4"]
[White "Salinas Herrera, Pablo"]
[Black "Jimenez Garcia, Emmanuel"]
[Result "1-0"]
[ECO "A46"]
[WhiteElo "2479"]
[BlackElo "2352"]
[Annotator "RC"]
[PlyCount "75"]
[EventDate "2024.09.25"]
[EventType "swiss"]
[EventCountry "ESP"]
[SourceTitle "playchess.com"]
[Source "ChessBase"]
[SourceQuality "1"]
[TimeControl "5400+30"]

1. d4 d6 2. Nf3 Nf6 3. c4 g6 4. Nc3 Bf5 5. Nh4 Bd7 6. e4 e5 7. Nf3 exd4 8. Nxd4 Bg7 9. f3 Nc6 10. Be3 O-O 11. Nc2 Be6 12. Qd2 a5 13. Be2 Nd7 14. h4 Nce5 15. Na3 f5 16. h5 Nc5 17. hxg6 hxg6 18. f4 Nc6 19. exf5 gxf5 20. Nab5 a4 21. Rd1 Na5 22. Bd4 Nxc4 23. Qc1 Qe7 24. Rh3 a3 25. b4 Na6 26. Kf2 Ne5 27. Rdh1 Nxb4 28. fxe5 dxe5 29. Rh8+ Bxh8 30. Rxh8+ Kxh8 31. Qh6+ Kg8 32. Bxe5 Rf6 33. Bxf6 Qh7 34. Qg5+ Kf8 35. Nxc7 Qxc7 36. Qh6+ Ke8 37. Qh8+ Kd7 38. Qg7+ 1-0

[Event "10th Iberoamericano-ch 2024"]
[Site "Linares"]
[Date "2024.09.25"]
[Round "2.5"]
[White "Ticona Rocabado, Licael Roderick"]
[Black "Gines Esteo, Pedro Antonio"]
[Result "1/2-1/2"]
[ECO "E10"]
[WhiteElo "2321"]
[BlackElo "2477"]
[Annotator "TA"]
[PlyCount "62"]
[EventDate "2024.09.25"]
[EventType "swiss"]
[EventCountry "ESP"]
[SourceTitle "playchess.com"]
[Source "ChessBase"]
[SourceQuality "1"]
[TimeControl "5400+30"]

1. d4 Nf6 2. c4 e6 3. Nf3 d5 4. e3 Be7 5. Nbd2 O-O 6. Bd3 c5 7. cxd5 exd5 8. dxc5 Bxc5 9. O-O Nc6 10. h3 Qe7 11. Nb3 Bd6 12. Nbd4 Ne4 13. b3 Nxd4 14. exd4 ({White should play} 14. Nxd4 $11 Qg5 15. f4) 14... Bf5 $15 15. Re1 Rad8 16. Bb2 $1 Bb8 17. Nd2 Qh4 18. Bxe4 (18. Qf3 $15 Bxh3 (18... Nxd2 19. Qxf5 g6 20. Qg4 $16) 19. Bxe4) 18... dxe4 $17 19. Nf1 {[%emt 0:00:06] [#]} (19. Re3 $17) 19... Bxh3 $1 $19 20. gxh3 {[%emt 0:01:06] [#] And now Qg4 would win.} (20. g3 Qe7) 20... Rd6 $1 (20... Qxh3 21. Rxe4 Rd6 22. Rg4 $11) (20... f5 21. f4 $17) 21. Re3 (21. Qg4 $2 Rg6 22. Rxe4 Rxg4+ (22... f5 $2 23. Qxg6 fxe4 24. Qg2 $18) 23. Rxg4 Qxh3 $19) 21... Rg6+ 22. Rg3 $2 (22. Ng3 {was the crucial defense.} f5 (22... Qxh3 23. Qf1 $17) (22... Bxg3 23. fxg3 Rxg3+ 24. Rxg3 $17) 23. Qf1) 22... Bxg3 $2 (22... Rxg3+ 23. fxg3 Bxg3 (23... Qxh3 24. d5 $16) 24. Qg4 $18) ({Not} 22... Qxh3 23. Rxg6 fxg6 24. Qe2 $11) (22... e3 {( -> ...exf2+)} 23. Qf3 exf2+ (23... Qxh3 24. Qxe3 Bxg3 25. fxg3 $11) 24. Kg2 Bxg3 25. Nxg3 Re8) 23. fxg3 Qxh3 24. Qe2 f5 {[%emt 0:00:38] aiming for ...f4.} 25. Ba3 {[%emt 0:02:28] [#]} Rf7 $2 ({Better is} 25... Re8 $1 $19 {...f4 would now be deadly.} 26. Qb5 Rxg3+ 27. Nxg3 Qxg3+ 28. Kf1 Qf3+ 29. Ke1 Rd8) 26. Qb5 $1 $11 {[%emt 0:09:15] Dancing on a razor blade. The position is equal.} Rxg3+ 27. Nxg3 Qxg3+ 28. Kf1 Qf3+ 29. Kg1 {[%emt 0:00:18] Intending Qe8+ and mate.} Qg3+ 30. Kf1 {[%emt 0:00:06] Qe8+ would kill now.} Qf3+ 31. Kg1 {[%emt 0:00:12] Threatening mate with Qe8+.} Qg3+ {[%emt 0:01:44] Black had all chances to win.   Weighted Error Value: White=0.24 (precise) /Black=0.31.  Missed win:     	---       	Black=1      Mistake:       	White=4     	Black=1      OK:         	White=6     	Black=10     Best:        	White=1     	---        Strong:       	White=2     	Black=1} 1/2-1/2

[Event "10th Iberoamericano-ch 2024"]
[Site "Linares"]
[Date "2024.09.25"]
[Round "2.6"]
[White "Fernandez Guillen, Ernesto J."]
[Black "Vitier Vazquez, Cristian"]
[Result "1/2-1/2"]
[ECO "A07"]
[WhiteElo "2463"]
[BlackElo "2344"]
[Annotator "TA"]
[PlyCount "46"]
[EventDate "2024.09.25"]
[EventType "swiss"]
[EventCountry "ESP"]
[SourceTitle "playchess.com"]
[Source "ChessBase"]
[SourceQuality "1"]
[TimeControl "5400+30"]

1. Nf3 d5 2. g3 c6 3. Bg2 Bf5 4. O-O e6 5. d3 h6 6. Nbd2 Nf6 7. b3 Be7 8. Bb2 O-O 9. Re1 Bh7 10. e4 a5 11. a3 Nbd7 12. e5 Ne8 13. Nf1 c5 {[%emt 0:08:09] Black has an edge.} 14. a4 Nc7 15. Ne3 Na6 16. Nd2 Nb4 17. f4 Nb6 18. Ba3 Qc7 19. Kh1 Rfd8 20. Bxb4 cxb4 21. Nf3 Bc5 22. Qe2 Nc8 23. Rac1 Ne7 {[%emt 0:01:41] Weighted Error Value: White=0.13 (very precise) /Black=0.04 (flawless) .  Inaccurate:     	White=1     	---        OK:         	White=5     	Black=8} 1/2-1/2

[Event "10th Iberoamericano-ch 2024"]
[Site "Linares"]
[Date "2024.09.25"]
[Round "2.7"]
[White "Blanco Acevedo, Cristobal Jose"]
[Black "Flores Quillas, Diego Saul Rodri"]
[Result "0-1"]
[ECO "B51"]
[WhiteElo "2301"]
[BlackElo "2451"]
[Annotator "TA"]
[PlyCount "109"]
[EventDate "2024.09.25"]
[EventType "swiss"]
[EventCountry "ESP"]
[SourceTitle "playchess.com"]
[Source "ChessBase"]
[SourceQuality "1"]
[TimeControl "5400+30"]

1. e4 c5 2. Nf3 d6 3. Bb5+ Nd7 4. a4 Ngf6 5. Nc3 g6 6. d4 {[%emt 0:00:08] B51: Sicilian: Moscow Variation (3 Bb5+) without 3...Bd7.} cxd4 7. Nxd4 Bg7 8. O-O O-O 9. Kh1 Nc5 10. f3 Bd7 $146 ({Predecessor:} 10... a6 11. Bc4 Bd7 12. Be3 Rc8 13. Qe2 Qc7 14. Ba2 e5 15. Nb3 Nxa4 16. Nxa4 Bxa4 {0-1 Mayer,I (2069)-Szalanczy,E (2239) Budapest FS02 FM-A 2011 (11)}) 11. Be3 Rc8 12. Qd2 a6 13. Be2 Qa5 14. Ra3 Qb6 15. Rb1 Rfd8 $2 (15... Qc7 $14) 16. Qd1 $2 ({White must play} 16. b4 $18) 16... Nxa4 $2 (16... Qc7 $11 {and Black stays safe.}) 17. Na2 $2 (17. Rxa4 Bxa4 18. Nxa4 Qa5 $18) (17. Nxa4 $18 Qc7 18. c4) 17... Qa5 (17... Nxb2 18. Qc1 $16) (17... Qc7 $1 $15 18. c4 e5) 18. b3 $14 Qc5 19. Rxa4 Bxa4 20. bxa4 e5 (20... Qa3 $11 21. Qc1 Qxa4 (21... Qxa2 $2 22. Ra1 $18)) 21. Nf5 $1 $16 Qc4 $2 (21... Qa3 $16 22. Ne7+ Kh8) 22. Ne7+ $18 Kh8 23. Nxc8 (23. Bxc4 $142 Rxc4 24. Rxb7 Rxa4 25. Qb1) 23... Rxc8 (23... Qxc8 $142 24. c4 Bf8) 24. Bd3 $2 (24. Bxc4 $18 {and the rest is easy.} Rxc4 25. Rxb7 (25. Qxd6 Rc8 $18)) 24... Qxa2 $16 25. Rxb7 d5 26. Qb1 (26. Bxa6 $6 d4 27. Bg1 Qxa4 $11) (26. exd5 $142 {c4 would now be deadly.} Nxd5 27. Bg1) 26... Qxb1+ $16 27. Rxb1 d4 $1 28. Bd2 Nd7 29. Kg1 ({Of course not} 29. Bxa6 Rxc2 30. Bc1 Bf8 $11) 29... Nc5 30. a5 h5 31. Kf1 Kh7 (31... Nxd3 $11 32. cxd3 Kh7) 32. Ke2 $1 $14 Bh6 33. Be1 Bg5 34. Rb4 Be7 35. Rb6 Bd8 36. Rd6 $1 Be7 37. Rd5 $1 ({Weaker is} 37. Bxa6 Ra8 38. Rd5 Nxa6 $19 (38... Rxa6 $2 39. Rxe5 Ne6 40. g3 $17)) 37... f6 {[%emt 0:00:30] [#]} 38. g3 $1 Rc6 {[%emt 0:00:30] [#]} 39. Bd2 ({White has to play} 39. f4 $1 $16) 39... Kg7 $11 40. f4 Nxd3 $1 41. Kxd3 (41. cxd3 Bd6 42. h3 Kf7 $15) 41... Bd6 42. h3 Kf7 43. f5 ({White should try} 43. g4 $11) 43... g5 (43... gxf5 $15 44. exf5 Ke7) 44. g4 $11 hxg4 45. hxg4 Ke7 46. c3 dxc3 47. Bxc3 Rc8 48. Be1 Rh8 49. Ke2 Rh2+ 50. Bf2 Kd7 51. Kf3 Kc6 52. Bb6 Rh8 53. Kg2 Rh7 54. Rd1 Rd7 55. Rc1+ 0-1

[Event "10th Iberoamericano-ch 2024"]
[Site "Linares"]
[Date "2024.09.25"]
[Round "2.8"]
[White "Lopez Martinez, Josep Manuel"]
[Black "Domingo Nunez, Alejandro"]
[Result "1/2-1/2"]
[ECO "E60"]
[WhiteElo "2448"]
[BlackElo "2328"]
[Annotator "TA"]
[PlyCount "62"]
[EventDate "2024.09.25"]
[EventType "swiss"]
[EventCountry "ESP"]
[SourceTitle "playchess.com"]
[Source "ChessBase"]
[SourceQuality "1"]
[TimeControl "5400+30"]

1. d4 g6 2. h4 Nf6 3. c4 d6 4. Nc3 Nbd7 5. e4 e5 6. Be3 exd4 7. Bxd4 Bg7 {[%emt 0:00:18] [#]} 8. h5 $1 {[%emt 0:03:52] White is slightly better.} O-O 9. hxg6 hxg6 (9... fxg6 $11 10. Qd2 Ne5) 10. f3 $16 {[%emt 0:00:32] White is much more active.} Ne5 $1 11. Qd2 Nh5 12. Bf2 {[%emt 0:06:40] Against Ng3} Be6 13. g4 $36 {[%emt 0:02:04][%mdl 2048] White has strong initiative.} Nf6 14. O-O-O Nxc4 ({Better is} 14... Re8 $14) 15. Bxc4 Bxc4 16. Be3 ({White should play} 16. Bd4 $1) 16... Re8 17. Bh6 {[%emt 0:03:27] And now Bxg7 would win.} Bh8 18. Qh2 {[%emt 0:00:46] Threatens to win with Bg5.} Qe7 {[%emt 0:13:03] [#]} (18... b5 $16 {is a better defense.}) 19. e5 $2 dxe5 $11 (19... Qxe5 $2 20. Bf4 Bg7 21. Bxe5 $18) 20. Bf8 Kxf8 $17 21. Qxh8+ Ng8 22. Ne4 (22. b3 $17 Be6 23. Kb2) 22... Rad8 $1 $19 (22... Bxa2 23. Ne2 Rad8 24. Rxd8 Rxd8 25. N2c3 $17) 23. Nh3 {[%emt 0:00:09] [#]} f6 {[%emt 0:03:47][%cal Bf7f6,Bf6f5][%mdl 32] Dodges Nhg5} (23... Bxa2 $2 24. Nhg5 Rxd1+ 25. Rxd1 $18) (23... Rxd1+ 24. Rxd1 Rd8 (24... Bxa2 $2 25. Nhg5 $18) 25. Rxd8+ Qxd8 26. b3 $15) 24. g5 {[%emt 0:01:28] [#]} (24. Nhf2 {was called for.} Qg7 (24... Bxa2 $2 25. Rh7 $18) 25. Qh4 (25. Rxd8 $2 Rxd8 26. Qh2 Bxa2 $19)) 24... Rxd1+ $2 (24... Bxa2 $2 {perishes.} 25. gxf6 (25. Nxf6 $2 Qc5#) 25... Qf7 26. Nhg5 Qc4+ 27. Nc3 Qf4+ 28. Kc2 Qxf6 29. Nh7+ Kf7 30. Nxf6 $18) ({Inferior is} 24... Qg7 25. Qh4 f5 (25... Bxa2 26. gxf6 Rxd1+ 27. Kxd1 $16) 26. Nf6 $11) (24... f5 $1 $19 25. Nc3 Qc5) 25. Rxd1 $15 f5 26. Nf6 Rd8 {[%emt 0:00:02] Prevents Nd7+} 27. Rxd8+ Qxd8 28. Nh7+ {[%emt 0:01:54] A dynamic duo of knights.} (28. b3 $11 {was the only way to keep the balance.} Be6 29. Nh7+ Kf7 30. Nf6) 28... Kf7 $17 {[%emt 0:00:18] ( -> ...Qd4)} 29. Nf6 Kf8 (29... Bxa2 $17 {aiming for ...Kf8.} 30. Nf2 Kf8 31. Nh7+ Kf7) 30. Nh7+ $15 Kf7 (30... Ke7 $15 31. b3 (31. Qxe5+ $2 Kf7 $19) 31... Bd5 32. Qg7+ (32. Qxe5+ Kf7 $15) 32... Kd6 33. Qxg6+ Be6) 31. Nf6 $1 $17 Kf8 {[%emt 0:01:20] Weighted Error Value: White=0.36/Black=0.31.  Missed win:     	White=1     	Black=1      Mistake:       	White=5     	Black=6      OK:         	White=11    	Black=6      Best:        	White=1     	Black=5      Strong:       	White=1     	Black=2} (31... Bxa2 $17 32. Nf2 Qf8) 1/2-1/2

[Event "10th Iberoamericano-ch 2024"]
[Site "Linares"]
[Date "2024.09.25"]
[Round "2.9"]
[White "Iglesias Ferreira, Andres"]
[Black "Garrido Outon, Alex"]
[Result "0-1"]
[ECO "B00"]
[WhiteElo "2285"]
[BlackElo "2448"]
[Annotator "TA"]
[PlyCount "84"]
[EventDate "2024.09.25"]
[EventType "swiss"]
[EventCountry "ESP"]
[SourceTitle "playchess.com"]
[Source "ChessBase"]
[SourceQuality "1"]
[TimeControl "5400+30"]

1. e4 d6 2. d4 Nf6 3. Nc3 e5 4. Nge2 c6 5. h3 b5 6. a3 h5 7. f4 Nbd7 8. fxe5 {[%emt 0:03:29] The position is equal.} dxe5 9. dxe5 Nxe5 10. Qxd8+ Kxd8 11. Bf4 Bd6 12. O-O-O Kc7 13. Kb1 a6 14. Nd4 h4 15. Nf3 $36 {[%emt 0:03:48][%mdl 2048] White is more active.} Nfd7 16. Be2 f6 17. Rd2 Nf7 {[%emt 0:01:02] [#]} (17... Nf8 $11 {keeps the balance.}) 18. Rxd6 $1 $16 Nxd6 19. Rd1 Ne5 20. Nxe5 fxe5 21. Bxe5 Rh6 22. Bf4 {[%emt 0:15:17][%mdl 1024] White has strong compensation. This pair of bishops is nice.} Re6 23. e5 (23. Bh2 $142) 23... Nf5 24. Ne4 Re8 {[%emt 0:06:55] [#]} (24... g6 $14) 25. Nc5 (25. Bg4 Kb6 $16) (25. Bh5 $1 $16 Be6 26. Nc5 (26. Bxe8 Rxe8 27. Rd2 Bd5 $16)) 25... Kb6 26. b4 g6 $1 {[%emt 0:06:55] Prevents Bh5} 27. Bf3 a5 28. Kb2 Be6 29. Bh2 (29. c3 $14) 29... Ne3 $15 {[%emt 0:01:14] aiming for ...axb4.} 30. Rd3 Nc4+ (30... axb4 $15 31. axb4 (31. Nxe6 Nc4+ 32. Kb1 Rxe6 $19) 31... Nc4+ (31... Ra2+ $2 32. Kb1 $18) 32. Kb1 Ra3) 31. Kb1 (31. Kc3 $11 {was the only way to keep the balance.}) 31... Bf5 $17 32. Rd6 Nxd6 $19 (32... Nxa3+ $2 {loses.} 33. Ka2 Rec8 (33... axb4 $2 {too greedy.} 34. Rxc6+ Ka5 35. e6 $18) 34. Kxa3 $18) (32... Nxe5 $2 33. Bxe5 Rec8 34. Kb2 $18) 33. exd6 axb4 34. axb4 Re1+ 35. Kb2 Rea1 36. Bf4 $2 (36. Kc3) 36... R8a2+ 37. Kb3 Ra3+ (37... Bxc2+ 38. Kc3 Bf5 39. d7 $11) ({Weaker is} 37... Rxc2 38. d7 Rb1+ 39. Ka3 Bxd7 40. Nxd7+ Kb7 41. Nc5+ Kc8 42. Ne4 $17) 38. Kb2 R3a2+ $2 (38... R1a2+ $19 {has better winning chances.} 39. Kb1 Rxc2) 39. Kb3 $1 $17 Ra3+ $2 (39... Ra7 $17 40. Kc3 R1a2) 40. Kb2 $19 R1a2+ {[%emt 0:00:04] Black is clearly winning.} 41. Kb1 Rxc2 42. Be4 Rxc5 {[%emt 0:01:16] Weighted Error Value: White=0.69/Black=0.29 (precise) .  Loses game:     	White=2     	---        Mistake:       	White=5     	Black=3      Inaccurate:     	White=1     	Black=2      OK:         	White=9     	Black=9      Best:        	White=4     	Black=7      Strong:       	---       	Black=1      Brilliant:      	White=1     	---} 0-1

[Event "10th Iberoamericano-ch 2024"]
[Site "Linares"]
[Date "2024.09.25"]
[Round "2.10"]
[White "Oro, Faustino"]
[Black "Escalona Landi, Samid Eduardo"]
[Result "1-0"]
[ECO "B31"]
[WhiteElo "2434"]
[BlackElo "2305"]
[Annotator "TA"]
[PlyCount "87"]
[EventDate "2024.09.25"]
[EventType "swiss"]
[EventCountry "ESP"]
[SourceTitle "playchess.com"]
[Source "ChessBase"]
[SourceQuality "1"]
[TimeControl "5400+30"]

1. e4 c5 2. Nf3 Nc6 3. Bb5 g6 4. O-O Bg7 5. Bxc6 dxc6 6. d3 e5 7. a4 a5 8. Na3 Qc7 9. Be3 b6 10. Qd2 h6 11. Nc4 Ne7 12. h3 Be6 13. Rae1 g5 14. c3 O-O 15. Qc2 Ng6 16. Nfd2 Rab8 17. Rd1 Rfd8 18. Kh2 Qd7 19. Nb3 Qc7 20. Qe2 Kh7 21. Kg1 f5 ({Black should play} 21... b5 $1 $17 22. Ncd2 Bf8 (22... bxa4 23. Nxc5 Rxb2 $11)) 22. exf5 $15 Bxf5 23. Rfe1 Qf7 24. Qf3 $2 {[%emt 0:05:19] [#]} ({White should try} 24. Nc1 $15) 24... e4 (24... Rxd3 25. Rxd3 e4 (25... Nh4 26. Qd1 $16) 26. Qg3 $16) (24... Nh4 $1 $19 {[%mdl 512] has better winning chances.} 25. Qg3 Rxd3 26. Rxd3 Bxd3 (26... Qxc4 27. Rd6 $11) 27. Nxe5 Bxe5 28. Qxe5 Re8) 25. dxe4 $17 Qxc4 (25... Nh4 $6 26. Qe2 Rxd1 27. Rxd1 Bxe4 28. f3 $11) 26. Nd2 (26. exf5 $15 Ne5 (26... Qxb3 $2 27. fxg6+ Kh8 28. h4 $18) 27. Qh5 Qxb3 28. Bxg5 Rxd1 29. Rxd1) 26... Rxd2 $1 $17 (26... Qxa4 27. exf5 (27. Qxf5 Qc2 $14) 27... Ne5 28. Qh5 $16) 27. Bxd2 Be6 28. Qh5 Bf6 (28... Qxa4 29. Bxg5 Bf7 30. Bc1 $17) 29. Bc1 Be7 (29... Qxa4 30. h4 Nf4 (30... Nxh4 31. f4 $16) 31. Bxf4 gxf4 32. e5 $11 (32. Rd6 Qc4 $14)) (29... Ne5 $17 {[%cal Oe6f7] ...Bf7! is the strong threat.} 30. f4 Bf7) 30. h4 $1 $15 Kg7 (30... Qxa4 $2 31. hxg5 (31. Bxg5 Bf8 $18) 31... Bf7 32. f4 $18 (32. Qxh6+ Kg8 $18) (32. gxh6 Rf8 $18) (32. Qxh6+ Kg8 $18) (32. gxh6 Rf8 $18)) 31. f4 gxf4 32. Bxf4 Rh8 (32... Nxf4 $15 {keeps the upper hand.} 33. Qe5+ Kh7) 33. Bd6 (33. Be5+ $16 Bf6 (33... Nxe5 34. Qxe5+ Bf6 35. Qc7+ Kg6 36. Qxc6 $16) 34. Bxf6+ Kxf6 35. Qf3+ (35. Rd6 Kg7 $18) 35... Kg7 36. h5) 33... Bxh4 (33... Qxa4 $2 34. Bxe7 Qc4 35. Rf1 (35. Rd6 Re8 $18) 35... Qxe4 36. Bf6+ (36. Rde1 Qd5 $18) 36... Kh7 37. Bxh8 $18 (37. Rde1 Qd5 $18)) (33... Bf6 $1 $15 34. Bg3 Rc8 (34... Qxa4 35. Rd6 $11)) 34. Be5+ $11 Nxe5 35. Qxh4 (35. Qxe5+ $11 {was the only way to keep the balance.} Kh7 36. Rd6) 35... Ng6 (35... Qxa4 $2 {perishes.} 36. Qe7+ Nf7 37. Qxe6 $18) 36. Qg3 {[%emt 0:00:08] [#]} Rc8 (36... Qxa4 $2 37. Qc7+ Bf7 38. Rd7 $16) (36... Re8 $1 $17 {[%cal Oe8e7] ...Re7! would now be deadly.} 37. Qc7+ Bf7 38. Qxc6 Qe6 39. Qxe6 (39. Rd6 $2 Qg4 $19) 39... Rxe6) 37. Rd6 $11 Kh7 38. Rf1 Rg8 $2 (38... Qxe4 $11 {and Black stays safe.} 39. Kh2 Re8) 39. Rf6 $18 Bf7 40. Rd7 (40. Rxc6 Be8 41. Rc7+ (41. Rxb6 Qxa4 42. Qd3 Rg7 $11) 41... Rg7 $16) 40... Nh8 (40... Rg7 $142 41. Rdxf7 (41. Rxc6 $2 {too greedy.} Qxe4 42. Rf6 Ne5 $19) 41... Qxe4) 41. Qf4 $18 Rg6 42. Rxg6 (42. Rfxf7+ $142 Nxf7 43. Rxf7+ Qxf7 44. Qxf7+ Rg7 45. Qf5+ Kg8 46. e5) 42... Kxg6 43. Rd6+ Be6 44. Qf5+ 1-0